 Dungeon Crawl Stone Soup version 0.23.0 (webtiles) character file.

Game seed: 10653319219910913305

144 tidbits the Charmwright (level 5, -9/43 HPs)
             Began as a Gnoll Skald on Feb 15, 2019.
             Killed from afar by Ijyb (13 damage)
             ... with a wand of acid (10)
             ... on level 3 of the Dungeon.
             The game lasted 00:06:28 (642 turns).

tidbits the Charmwright (Gnoll Skald)                Turns: 642, Time: 00:06:29

Health: -9/43      AC:  0    Str: 13    XL:     5   Next: 26%
Magic:  6/12       EV: 14    Int: 21    God:
Gold:   69         SH:  0    Dex: 14    Spells: 3/14 levels left

rFire    . . .     SeeInvis .   a - +0 spear
rCold    . . .     Gourm    .   (no shield)
rNeg     . . .     Faith    .   b - +0 leather armour
rPois    .         Spirit   .   (no helmet)
rElec    +         Reflect  .   (no cloak)
rCorr    .         Harm     .   (no gloves)
MR       ++...                  (no boots)
Stlth    ++........             (no amulet)
HPRegen  0.14/turn              q - +4 ring of intelligence
MPRegen  0.13/turn              p - ring of protection from magic

@: infused, corroded, flying, hasted, very quick
A: distributed training, fangs 1, magic resistance 1, electricity resistance,
strong nose
a: no special abilities


You were on level 3 of the Dungeon.
You were not hungry.

You visited 1 branch of the dungeon, and saw 4 of its levels.

You collected 69 gold pieces.

Inventory:

Hand Weapons
 a - a +0 spear (weapon)
Missiles
 f - 7 tomahawks (quivered)
 i - 3 javelins
Armour
 b - a +0 leather armour (worn)
 g - a cursed +0 ring mail
Jewellery
 k - an uncursed ring of flight
   (You found it on level 2 of the Dungeon)
 p - a ring of protection from magic (right hand)
   (You found it on level 2 of the Dungeon)
 q - a +4 ring of intelligence (left hand)
   (You found it on level 3 of the Dungeon)
Scrolls
 e - 2 scrolls of noise {unknown}
 h - a scroll of random uselessness {unknown}
 j - a scroll of amnesia
 l - a scroll of immolation {unknown}
 m - a scroll of blinking {unknown}
 o - a scroll of remove curse {unknown}
Potions
 c - 2 potions of haste
Comestibles
 d - 5 rations


   Skills:
 + Level 4.7 Fighting
 + Level 1.4 Short Blades
 + Level 1.4 Long Blades
 + Level 1.4 Axes
 + Level 1.4 Maces & Flails
 + Level 4.7 Polearms
 + Level 1.4 Staves
 + Level 1.4 Slings
 + Level 1.4 Bows
 + Level 1.4 Crossbows
 + Level 1.4 Throwing
 + Level 2.9 Armour
 + Level 4.7 Dodging
 + Level 1.4 Stealth
 + Level 1.4 Shields
 + Level 1.4 Unarmed Combat
 + Level 5.1 Spellcasting
 + Level 1.1 Conjurations
 + Level 1.1 Hexes
 + Level 5.5 Charms
 + Level 1.1 Summonings
 + Level 1.1 Necromancy
 + Level 1.1 Translocations
 + Level 1.1 Transmutations
 + Level 1.1 Fire Magic
 + Level 1.1 Ice Magic
 + Level 1.1 Air Magic
 + Level 1.1 Earth Magic
 + Level 1.1 Poison Magic
 + Level 1.5 Invocations
 + Level 1.4 Evocations


You had 3 spell levels left.
You knew the following spells:

 Your Spells              Type           Power        Failure   Level  Hunger
g - Shroud of Golubria    Chrm/Tloc      ###.......   5%          2    None
i - Infusion              Chrm           ####         1%          1    None
r - Regeneration          Chrm/Necr      ###.......   11%         3    ##.....
w - Spectral Weapon       Hex/Chrm       ###.....     11%         3    ##.....
y - Song of Slaying       Chrm           ####....     1%          2    None

Your spell library contained the following spells:

 Spells                   Type           Power        Failure   Level  Hunger


Dungeon Overview and Level Annotations

Branches:
Dungeon (4/15)
 Temple: D:4-7

Altars:
Nemelex Xobeh

Annotations:
D:3 Ijyb


Innate Abilities, Weirdness & Mutations

Your experience applies equally to all skills.
You have very sharp teeth.
Your uncanny sense of smell can sniff out nearby items.
You are resistant to hostile enchantments. (MR+)
You are resistant to electric shocks. (rElec)


Message History

Aim: a jackal You reach to attack!
You hit the jackal.
The jackal is moderately wounded.
You closely miss the jackal.
The jackal is moderately wounded.
The jackal closely misses you.
You hit the jackal.
You kill the jackal!
Found 10 stones.
A jackal and a worm come into view.
Your song is almost over.
Casting: Spectral Weapon (safe; 11% risk of failure)
Confirm with . or Enter, or press ? or * to list all spells.
You draw out your weapon's spirit!
You puncture the jackal!
You kill the jackal!
You hear a shout!
You see here a jackal corpse.
Ijyb the Twisted Goblin comes into view.
She is wearing a +3 ring mail of fire resistance and carrying a wand of acid (11).
Unknown command.
Attack whom?
Press: ? - help, Dir - move target cursor, f - worm
Aim: a worm You reach to attack!
You puncture the worm!
The worm is moderately wounded.
Your spectral weapon hits the worm from afar.
You hit the worm.
The worm is severely wounded.
Your song has ended.
Your spectral weapon hits the worm.
You hit the worm.
You kill the worm!
You hit Ijyb but do no damage.
Your spectral weapon closely misses Ijyb.
Ijyb misses you.
You barely miss Ijyb. You bite Ijyb, but do no damage.
Your spectral weapon hits Ijyb but does no damage.
Ijyb misses you.
You barely miss Ijyb. Your punch misses Ijyb. You bite Ijyb, but do no damage.
Your spectral weapon hits Ijyb but does no damage.
You hit Ijyb but do no damage.
Your spectral weapon hits Ijyb.
Ijyb closely misses you.
You hit Ijyb but do no damage.
Ijyb is lightly wounded.
Your spectral weapon hits Ijyb but does no damage.
Ijyb closely misses you.
You hit Ijyb but do no damage.
Ijyb is lightly wounded.
Your spectral weapon hits Ijyb but does no damage.
Ijyb closely misses you.
You hit Ijyb but do no damage.
Ijyb is lightly wounded.
Your spectral weapon hits Ijyb but does no damage.
Ijyb zaps a wand.
The bolt of acid hits you!
* * * LOW HITPOINT WARNING * * *
The acid corrodes you!
You are splashed with acid!
* * * LOW HITPOINT WARNING * * *
It was a potion of haste.
You feel yourself speed up. Ijyb barely misses you.
It was a potion of flight.
You feel very buoyant.
You fly up into the air.
Ijyb hits you.
* * * LOW HITPOINT WARNING * * *
Evoke which item? (* to show all) (? for menu, Esc to quit)
Okay, then.
Unknown command.
Unknown command.
As you read the scroll labeled IFIFAH GERONOUSA, it crumbles to dust.
It is a scroll of amnesia.
Forget Infusion, freeing 1 spell level for a total of 4?
Okay, then.
Casting: Spectral Weapon (safe; 11% risk of failure)
Confirm with . or Enter, or press ? or * to list all spells.
You begin infusing your attacks with magical energy.
Ijyb hits you.
* * * LOW HITPOINT WARNING * * *
Unknown command.
You hit Ijyb but do no damage.
Ijyb is lightly wounded.
Your spectral weapon hits Ijyb but does no damage.
Ijyb completely misses your spectral weapon.
You barely miss Ijyb.
Ijyb is lightly wounded.
Your spectral weapon hits Ijyb.
You hit Ijyb but do no damage.
Ijyb is moderately wounded.
Your spectral weapon barely misses Ijyb.
Ijyb barely misses you.
You hit Ijyb.
Ijyb is moderately wounded.
Your spectral weapon hits Ijyb but does no damage.
You hit Ijyb but do no damage. Your bite misses Ijyb.
Ijyb is moderately wounded.
Your spectral weapon hits Ijyb but does no damage.
Ijyb hits you.
* * * LOW HITPOINT WARNING * * *
You closely miss Ijyb.
Ijyb is moderately wounded.
Your spectral weapon hits Ijyb but does no damage.
Ijyb zaps a wand.
The bolt of acid hits you!
You die...

............
.............
...........#
..........#
#.........#
###.........#
..#.g(......#
#.#.@(......#
#†###†.......
##########.###.#######
#..)..................
#.########.###.#####..
#>...............
##########.#.....###
...#....#.#.......
####.#.#..#.#.......


You could see Ijyb and a friendly spectral +0 spear.

Vanquished Creatures
  A howler monkey (D:4)
  2 orc wizards (D:3)
  An adder (D:2)
  2 worms
  A dart slug (D:2)
  3 orcs (D:3)
  8 goblins
  5 hobgoblins
  2 jackals (D:3)
  2 bats
  A frilled lizard (D:1)
  6 kobolds
  A rat (D:1)
35 creatures vanquished.

Vanquished Creatures (others)
  A worm (D:2)
  A toadstool (D:1)
2 creatures vanquished.

Grand Total: 37 creatures vanquished

Notes
Turn   | Place    | Note
-------+----------+-------------------------------------------
     0 | D:1      | tidbits the Gnoll Skald began the quest for the Orb.
     0 | D:1      | Reached XP level 1. HP: 20/20 MP: 6/6
   138 | D:1      | Reached XP level 2. HP: 23/26 MP: 7/7
   144 | D:1      | Learned a level 2 spell: Song of Slaying
   147 | D:1      | Learned a level 2 spell: Shroud of Golubria
   288 | D:2      | Reached skill level 5 in Spellcasting
   288 | D:2      | Reached XP level 3. HP: 13/31 MP: 5/9
   293 | D:2      | Learned a level 3 spell: Regeneration
   298 | D:2      | Learned a level 3 spell: Spectral Weapon
   312 | D:2      | Gained mutation: You are resistant to electric shocks.
                  | (rElec) [potion of mutation]
   312 | D:2      | Gained mutation: You are resistant to hostile enchantments.
                  | (MR+) [potion of mutation]
   400 | D:2      | Reached skill level 1 in Invocations
   425 | D:2      | Found a sparkling altar of Nemelex Xobeh.
   576 | D:4      | Reached skill level 1 in Short Blades
   576 | D:4      | Reached skill level 1 in Long Blades
   576 | D:4      | Reached skill level 1 in Axes
   576 | D:4      | Reached skill level 1 in Maces & Flails
   576 | D:4      | Reached skill level 1 in Staves
   576 | D:4      | Reached skill level 1 in Slings
   576 | D:4      | Reached skill level 1 in Bows
   576 | D:4      | Reached skill level 1 in Crossbows
   576 | D:4      | Reached skill level 1 in Throwing
   576 | D:4      | Reached skill level 1 in Stealth
   576 | D:4      | Reached skill level 1 in Shields
   576 | D:4      | Reached skill level 1 in Unarmed Combat
   576 | D:4      | Reached skill level 1 in Evocations
   576 | D:4      | Reached XP level 4. HP: 38/38 MP: 7/11
   588 | D:3      | Reached skill level 1 in Conjurations
   588 | D:3      | Reached skill level 1 in Hexes
   588 | D:3      | Reached skill level 1 in Summonings
   588 | D:3      | Reached skill level 1 in Necromancy
   588 | D:3      | Reached skill level 1 in Translocations
   588 | D:3      | Reached skill level 1 in Transmutations
   588 | D:3      | Reached skill level 1 in Fire Magic
   588 | D:3      | Reached skill level 1 in Ice Magic
   588 | D:3      | Reached skill level 1 in Air Magic
   588 | D:3      | Reached skill level 1 in Earth Magic
   588 | D:3      | Reached skill level 1 in Poison Magic
   596 | D:3      | Reached XP level 5. HP: 38/43 MP: 4/12
   622 | D:3      | Noticed Ijyb
   632 | D:3      | HP: 7/43 [acid (12)]
   641 | D:3      | HP: 4/43 [Ijyb (2)]
   642 | D:3      | Killed from afar by Ijyb

Skill      XL: |  1  2  3  4 |
---------------+-------------+-----
Spellcasting   | 5 |  5.1
Invocations    | 1 |  1.5
Short Blades   | 1 |  1.4
Long Blades    | 1 |  1.4
Axes           | 1 |  1.4
Maces & Flails | 1 |  1.4
Staves         | 1 |  1.4
Slings         | 1 |  1.4
Bows           | 1 |  1.4
Crossbows      | 1 |  1.4
Throwing       | 1 |  1.4
Stealth        | 1 |  1.4
Shields        | 1 |  1.4
Unarmed Combat | 1 |  1.4
Evocations     | 1 |  1.4
Conjurations   | 1 |  1.1
Hexes          | 1 |  1.1
Summonings     | 1 |  1.1
Necromancy     | 1 |  1.1
Translocations | 1 |  1.1
Transmutations | 1 |  1.1
Fire Magic     | 1 |  1.1
Ice Magic      | 1 |  1.1
Air Magic      | 1 |  1.1
Earth Magic    | 1 |  1.1
Poison Magic   | 1 |  1.1
Fighting       | |  4.7
Polearms       | |  4.7
Armour         | |  2.9
Dodging        | |  4.7
Charms         | |  5.5

Action                   |  1- 3 |  4- 6 || total
-------------------------+-------+-------++-------
Melee: Spear             |    77 |    38 ||   115
       Bite              |     3 |     6 ||     9
Throw: Tomahawk          |     4 |       ||     4
 Cast: Infusion          |     5 |     1 ||     6
       Spectral Weapon   |     6 |     2 ||     8
       Regeneration      |     2 |       ||     2
       Song of Slaying   |       |     1 ||     1
  Use: Potion            |     1 |     2 ||     3
       Scroll            |     1 |     1 ||     2
Armor: Leather armour    |     5 |     1 ||     6
Dodge: Dodged            |    35 |    13 ||    48

Table legend:
 A = Turns spent in this place as a percentage of turns spent in the entire game.
 B = Non-inter-level travel turns spent in this place as a percentage of non-inter-level travel turns spent in the entire game.
 C = Inter-level travel turns spent in this place as a percentage of turns spent in this place.
 D = Turns resting spent in this place as a percentage of non-inter-level travel turns spent in this place.
 E = Turns spent auto-exploring this place as a percentage of non-inter-level travel turns spent in this place.
 F = Non-inter-level travel turns spent in this place divided by the number of levels of this place that you've seen.
                   A       B       C       D       E      F
               +-------+-------+-------+-------+-------+----------------------
         Total | 100.0 | 100.0 |   0.0 |   0.0 |   0.0 | 160.5
       Dungeon | 100.0 | 100.0 |   0.0 |   0.0 |   0.0 | 160.5
               +-------+-------+-------+-------+-------+----------------------

Table legend:
 A = Kills in this place as a percentage of kills in entire the game.
 B = Kills by you in this place as a percentage of kills by you in the entire game.
 C = Kills by friends in this place as a percentage of kills by friends in the entire game.
 D = Other kills in this place as a percentage of other kills in the entire game.
 E = Experience gained in this place as a percentage of experience gained in the entire game.
 F = Experience gained in this place divided by the number of levels of this place that you have seen.
                   A       B       C       D       E      F
               +-------+-------+-------+-------+-------+----------------------
         Total | 100.0 | 100.0 |   N/A | 100.0 | 100.0 |  51.5
       Dungeon | 100.0 | 100.0 |   N/A | 100.0 | 100.0 |  51.5
               +-------+-------+-------+-------+-------+----------------------

Levels and vault maps discovered:
D:1:      ldierk_walled_garden, layout_rooms
D:2:      layout_basic, nemelex_xobeh_ov_fountains_minmay,
          nicolae_qazlal_style_of_elements
D:3:      layout_basic, uniq_ijyb
D:4:      layout_gridville, lemuel_crystal_altar,
          minmay_temple_entry_proselytizer, first_ration, lightli_minifort
